PBL
TAMPA BAY RAYS @ PHILADELPHIA PHILLIES
07/14/2071
 
TOP OF THE 1ST
Tampa Bay Rays batting - Pitching for Philadelphia Phillies : RHP Mike Lowery
Pitching: RHP Mike Lowery
Batting: RHB Ken Potter 0-0: Ball
1-0: Foul Ball, location: 7LSFF
1-1: Foul Ball, location: 5DF
1-2: SINGLE (Line Drive, 6D, EV 97.5 MPH)
Batting: LHB Manuel Gonzáles 0-0: Called Strike
0-1: Foul Ball, location: 2RF
0-2: Ball
Ken Potter steals 2nd base (no throw)
1-2: Strikes out swinging
Batting: LHB Oliver Whitley 0-0: Called Strike
0-1: Swinging Strike
0-2: Strikes out swinging
Batting: RHB Jorge Baca 0-0: Ball
1-0: Ball
2-0: Ball
3-0: Base on Balls
Batting: RHB Tom Pike 0-0: Ball
1-0: Foul Ball, location: 9LDF
1-1: Ball
2-1: Fly out, F5 (Line Drive, 5, EV 66.3 MPH)
Top of the 1st over - 0 runs, 1 hit, 0 errors, 2 left on base; Tampa Bay 0 - Philadelphia 0
BOTTOM OF THE 1ST
Philadelphia Phillies batting - Pitching for Tampa Bay Rays : RHP Ramón Candeléria
Pitching: RHP Ramón Candeléria
Batting: LHB Iván Ruíz 0-0: Ball
1-0: Called Strike
1-1: Ball
2-1: Called Strike
2-2: Fly out, F7 (Flyball, 7, EV 75.0 MPH)
Batting: LHB Alonso Castillo 0-0: Ball
1-0: Called Strike
1-1: Ball
2-1: Foul Ball, location: 7LSFF
2-2: Foul Ball, location: 5SF
2-2: Foul Ball, location: 23F
2-2: Ball
3-2: Foul Ball, location: 7LDF
3-2: Fly out, F9 (Flyball, 9S, EV 95.0 MPH)
Batting: LHB John Myers 0-0: Ball
1-0: Foul Ball, location: 2F
1-1: Foul Ball, location: 9LDF
1-2: Ball
2-2: Foul Ball, location: 3DF
2-2: Strikes out swinging
Bottom of the 1st over - 0 runs, 0 hits, 0 errors, 0 left on base; Tampa Bay 0 - Philadelphia 0
TOP OF THE 2ND
Tampa Bay Rays batting - Pitching for Philadelphia Phillies : RHP Mike Lowery
Batting: SHB Barry Huffman 0-0: Ball
1-0: Ball
2-0: SINGLE (Groundball, 4D, EV 100.6 MPH)
Batting: RHB Colt Keeling 0-0: Foul Ball, location: 25FF
0-1: Ball
1-1: Swinging Strike
1-2: Strikes out swinging
Batting: RHB Carlos Cruz 0-0: Ball
1-0: Ball
2-0: Ball
3-0: Called Strike
3-1: Called Strike
3-2: Fly out, F7 (Flyball, 7S, EV 80.6 MPH)
Batting: RHB Paul Robertson 0-0: Ground out 6-3 (Groundball, 56, EV 105.0 MPH)
Top of the 2nd over - 0 runs, 1 hit, 0 errors, 1 left on base; Tampa Bay 0 - Philadelphia 0
BOTTOM OF THE 2ND
Philadelphia Phillies batting - Pitching for Tampa Bay Rays : RHP Ramón Candeléria
Batting: RHB Ezra Schneider 0-0: Called Strike
0-1: Ball
1-1: Ball
2-1: Ball
3-1: Base on Balls
Batting: RHB Alfonso Díaz 0-0: Foul Ball, location: 3DF
0-1: Fielders Choice at 2nd, 5-4 (Groundball, 56, EV 80.6 MPH)
Batting: RHB Kei Goto 0-0: SINGLE (Flyball, 89S, EV 88.1 MPH)
Alfonso Díaz to second
Batting: LHB Tom Huey 0-0: Ball
1-0: Fly out, F8 (Flyball, 8RD, EV 87.5 MPH)
Runner from 2nd tags up, SAFE at 3rd with throw by CF
Batting: LHB César Pérez 0-0: Fly out, F8 (Flyball, 8RD, EV 81.9 MPH)
Bottom of the 2nd over - 0 runs, 1 hit, 0 errors, 2 left on base; Tampa Bay 0 - Philadelphia 0
TOP OF THE 3RD
Tampa Bay Rays batting - Pitching for Philadelphia Phillies : RHP Mike Lowery
Batting: RHB Ken Potter 0-0: Fly out, F8 (Line Drive, 8RD, EV 83.8 MPH)
Batting: LHB Manuel Gonzáles 0-0: SINGLE (Groundball, 4MD, EV 106.3 MPH)
Batting: LHB Oliver Whitley 0-0: Ball
1-0: Called Strike
1-1: Ball
2-1: Ball
3-1: Base on Balls
Manuel Gonzáles to second
Batting: RHB Jorge Baca 0-0: Called Strike
0-1: SINGLE (Groundball, 6MD, EV 99.4 MPH) (infield hit)
Manuel Gonzáles to third
Oliver Whitley to second
Batting: RHB Tom Pike 0-0: Called Strike
0-1: Ball
1-1: Foul Ball, location: 2F
1-2: Foul Ball, location: 5F
1-2: SINGLE (Groundball, 6MD, EV 99.4 MPH)
Manuel Gonzáles scores
Oliver Whitley to third
Jorge Baca to second
Runner from 3rd tries for Home, SAFE, throw by CF to home
Batting: SHB Barry Huffman 0-0: Grounds out, U3 (Groundball, 3L, EV 106.3 MPH)
Jorge Baca to third
Batting: RHB Colt Keeling 0-0: Foul Ball, location: 2F
0-1: Ball
1-1: Foul Ball, location: 2F
1-2: Ball
2-2: Ball
3-2: 3-RUN HOME RUN (Flyball, 9D, EV 99.4 MPH), Distance : 367 ft
Batting: RHB Carlos Cruz 0-0: Called Strike
0-1: Foul Ball, location: 2RF
0-2: Ball
1-2: Strikes out looking
Top of the 3rd over - 5 runs, 4 hits, 0 errors, 0 left on base; Tampa Bay 5 - Philadelphia 0
BOTTOM OF THE 3RD
Philadelphia Phillies batting - Pitching for Tampa Bay Rays : RHP Ramón Candeléria
Batting: RHB Atas Sekayi 0-0: Ground out 6-3 (Groundball, 6, EV 81.9 MPH)
Batting: LHB Iván Ruíz 0-0: Called Strike
0-1: Ball
1-1: Called Strike
1-2: Foul Ball, location: 2F
1-2: Hit by Pitch
Batting: LHB Alonso Castillo 0-0: Ball
1-0: Ball
2-0: Called Strike
2-1: Called Strike
2-2: SINGLE (Line Drive, 5D, EV 97.5 MPH)
Iván Ruíz to second
Batting: LHB John Myers 0-0: Ball
1-0: Ball
2-0: Called Strike
2-1: Ball
3-1: Base on Balls
Iván Ruíz to third
Alonso Castillo to second
Batting: RHB Ezra Schneider 0-0: Fly out, F6 (Popup, 4M, EV 75.0 MPH)
Batting: RHB Alfonso Díaz 0-0: Ground out 3-1 (Groundball, 34S, EV 90.6 MPH)
Bottom of the 3rd over - 0 runs, 1 hit, 0 errors, 3 left on base; Tampa Bay 5 - Philadelphia 0
TOP OF THE 4TH
Tampa Bay Rays batting - Pitching for Philadelphia Phillies : RHP Mike Lowery
Batting: RHB Paul Robertson 0-0: Ball
1-0: Called Strike
1-1: Ball
2-1: Ball
3-1: Base on Balls
Pitching: RHP Russ Brown
Batting: RHB Ken Potter 0-0: Ball
1-0: Ball
2-0: Called Strike
2-1: Swinging Strike
2-2: Ball
3-2: Foul Ball, location: 7LMF
3-2: Strikes out looking
Batting: LHB Manuel Gonzáles 0-0: Fielders Choice at 2nd, 4-6 (Groundball, 34, EV 85.6 MPH)
Batting: LHB Oliver Whitley 0-0: Ball
1-0: Swinging Strike
1-1: Foul Ball, location: 7LSF
1-2: Foul Ball, location: 2F
1-2: Strikes out swinging
Top of the 4th over - 0 runs, 0 hits, 0 errors, 1 left on base; Tampa Bay 5 - Philadelphia 0
BOTTOM OF THE 4TH
Philadelphia Phillies batting - Pitching for Tampa Bay Rays : RHP Ramón Candeléria
Batting: RHB Kei Goto 0-0: Ball
1-0: Fly out, F8 (Flyball, 8LM, EV 95.0 MPH)
Batting: LHB Tom Huey 0-0: Ball
1-0: Fly out, F6 (Line Drive, 6, EV 67.5 MPH)
Batting: LHB César Pérez 0-0: Foul Ball, location: 3F
0-1: Ball
1-1: Called Strike
1-2: Strikes out swinging
Bottom of the 4th over - 0 runs, 0 hits, 0 errors, 0 left on base; Tampa Bay 5 - Philadelphia 0
TOP OF THE 5TH
Tampa Bay Rays batting - Pitching for Philadelphia Phillies : RHP Russ Brown
Batting: RHB Jorge Baca 0-0: Ground out 6-3 (Groundball, 6, EV 88.8 MPH)
Batting: RHB Tom Pike 0-0: Called Strike
0-1: Called Strike
0-2: Ball
1-2: Ball
2-2: Foul Ball, location: 2F
2-2: Ball
3-2: Foul Ball, location: 5FF
3-2: Strikes out swinging
Batting: SHB Barry Huffman 0-0: Ball
1-0: Ball
2-0: Fly out, F8 (Flyball, 89S, EV 96.9 MPH)
Top of the 5th over - 0 runs, 0 hits, 0 errors, 0 left on base; Tampa Bay 5 - Philadelphia 0
BOTTOM OF THE 5TH
Philadelphia Phillies batting - Pitching for Tampa Bay Rays : RHP Ramón Candeléria
Batting: RHB Atas Sekayi 0-0: Called Strike
0-1: Foul Ball, location: 9LSF
0-2: Ball
1-2: Ground out 5-3 (Groundball, 56, EV 85.6 MPH)
Batting: LHB Iván Ruíz 0-0: Foul Ball, location: 2F
0-1: Ball
1-1: Ball
2-1: Foul Ball, location: 5F
2-2: Strikes out swinging
Batting: LHB Alonso Castillo 0-0: Ball
1-0: Ball
2-0: Called Strike
2-1: Fly out, F4 (Line Drive, 4, EV 62.5 MPH)
Bottom of the 5th over - 0 runs, 0 hits, 0 errors, 0 left on base; Tampa Bay 5 - Philadelphia 0
TOP OF THE 6TH
Tampa Bay Rays batting - Pitching for Philadelphia Phillies : RHP Russ Brown
Batting: RHB Colt Keeling 0-0: SINGLE (Line Drive, 56D, EV 96.3 MPH)
Pitching: LHP John Burns
Batting: RHB Carlos Cruz 0-0: Ball
1-0: Called Strike
1-1: Ball
Wild Pitch!
Colt Keeling to second
2-1: Foul Ball, location: 2F
2-2: SINGLE (Groundball, 4D, EV 106.9 MPH)
Colt Keeling to third
Batting: RHB Paul Robertson 0-0: Swinging Strike
0-1: Ball
1-1: Ball
2-1: Ball
3-1: Called Strike
3-2: Base on Balls
Carlos Cruz to second
Batting: RHB Ken Potter 0-0: Ball
1-0: Called Strike
1-1: Ball
2-1: Fly out, F9 (Line Drive, 9S, EV 94.4 MPH)
Batting: LHB Manuel Gonzáles 0-0: Grounds into double play, 4-6-3 (Groundball, 4, EV 99.4 MPH)
Top of the 6th over - 0 runs, 2 hits, 0 errors, 2 left on base; Tampa Bay 5 - Philadelphia 0
BOTTOM OF THE 6TH
Philadelphia Phillies batting - Pitching for Tampa Bay Rays : RHP Ramón Candeléria
Batting: LHB John Myers 0-0: Ball
1-0: Ball
2-0: SINGLE (Groundball, 6MD, EV 107.5 MPH)
Batting: RHB Ezra Schneider 0-0: Called Strike
0-1: Foul Ball, location: 5FF
0-2: Strikes out swinging
Batting: RHB Alfonso Díaz 0-0: Ball
1-0: Foul Ball, location: 2F
1-1: Fly out, F9 (Line Drive, 9, EV 86.9 MPH)
Batting: RHB Kei Goto 0-0: Ball
1-0: Ball
2-0: Fly out, F8 (Flyball, 8RXD, EV 100.6 MPH)
Bottom of the 6th over - 0 runs, 1 hit, 0 errors, 1 left on base; Tampa Bay 5 - Philadelphia 0
TOP OF THE 7TH
Tampa Bay Rays batting - Pitching for Philadelphia Phillies : LHP John Burns
Batting: LHB Oliver Whitley 0-0: Ball
1-0: Called Strike
1-1: Swinging Strike
1-2: Foul Ball, location: 2F
1-2: Ball
2-2: Ball
3-2: DOUBLE (Flyball, 8LXD, EV 88.8 MPH)
Batting: RHB Jorge Baca 0-0: Ball
1-0: Ball
2-0: Foul Ball, location: 2F
2-1: Foul Ball, location: 3FF
2-2: Foul Ball, location: 3FF
2-2: Fly out, F9 (Flyball, 9S, EV 89.4 MPH)
Pitching: RHP Chris Smolinski
Batting: RHB Tom Pike 0-0: Foul Ball, location: 2F
0-1: Ball
1-1: Ball
2-1: Ball
3-1: Swinging Strike
3-2: Strikes out swinging
Batting: SHB Barry Huffman 0-0: Called Strike
0-1: Ball
1-1: Ball
2-1: Foul Ball, location: 2F
2-2: Strikes out swinging
Top of the 7th over - 0 runs, 1 hit, 0 errors, 1 left on base; Tampa Bay 5 - Philadelphia 0
BOTTOM OF THE 7TH
Philadelphia Phillies batting - Pitching for Tampa Bay Rays : RHP Ramón Candeléria
Batting: LHB Tom Huey 0-0: Ball
1-0: Ground out 6-3 (Groundball, 6, EV 88.8 MPH)
Batting: LHB César Pérez 0-0: Ball
1-0: Foul Ball, location: 2F
1-1: Called Strike
1-2: Ball
2-2: Foul Ball, location: 5SF
2-2: Ball
3-2: Base on Balls
Batting: RHB Atas Sekayi 0-0: Ball
1-0: Foul Ball, location: 2F
1-1: Ball
2-1: Ball
3-1: Foul Ball, location: 3DF
3-2: DOUBLE (Flyball, 89D, EV 99.4 MPH)
César Pérez to third
Pitching: RHP Pete Myers
Batting: LHB Iván Ruíz 0-0: Called Strike
0-1: Ball
1-1: TRIPLE (Line Drive, 89XD, EV 95.0 MPH)
César Pérez scores
Atas Sekayi scores
Batting: LHB Alonso Castillo 0-0: Ball
1-0: DOUBLE (Line Drive, 7LM, EV 96.3 MPH)
Iván Ruíz scores
Batting: LHB John Myers 0-0: Ball
1-0: Called Strike
1-1: Ball
Alonso Castillo is caught stealing 3rd base 2-5
2-1: Swinging Strike
2-2: Strikes out swinging
Bottom of the 7th over - 3 runs, 3 hits, 0 errors, 0 left on base; Tampa Bay 5 - Philadelphia 3
TOP OF THE 8TH
Tampa Bay Rays batting - Pitching for Philadelphia Phillies : RHP Chris Smolinski
Batting: RHB Colt Keeling 0-0: Called Strike
0-1: Ball
1-1: Swinging Strike
1-2: Ball
2-2: Ball
3-2: Base on Balls
Batting: RHB Carlos Cruz 0-0: Called Strike
0-1: Foul Ball, location: 9LDF
0-2: Ball
1-2: Ball
2-2: Grounds into double play, 4-6-3 (Groundball, 34, EV 85.6 MPH)
Batting: RHB Paul Robertson 0-0: Called Strike
0-1: Swinging Strike
0-2: Ball
1-2: Fly out, F7 (Line Drive, 78M, EV 96.3 MPH)
Top of the 8th over - 0 runs, 0 hits, 0 errors, 0 left on base; Tampa Bay 5 - Philadelphia 3
BOTTOM OF THE 8TH
Philadelphia Phillies batting - Pitching for Tampa Bay Rays : RHP Pete Myers
Batting: RHB Ezra Schneider 0-0: Ball
1-0: Foul Ball, location: 7LSF
1-1: Foul Ball, location: 9LMF
1-2: Ball
2-2: Ball
3-2: SINGLE (Line Drive, 89M, EV 94.4 MPH)
Pinch Hitting: SHB Marty Garland 0-0: Ball
1-0: Ball
2-0: SINGLE (Line Drive, 7LS, EV 95.6 MPH)
Ezra Schneider to second
Batting: RHB Kei Goto 0-0: Called Strike
0-1: Called Strike
0-2: Strikes out swinging
Batting: LHB Tom Huey 0-0: Ball
1-0: Called Strike
1-1: Foul Ball, location: 3FF
1-2: Ball
2-2: Strikes out swinging
Batting: LHB César Pérez 0-0: Called Strike
0-1: Ball
1-1: Foul Ball, location: 2F
1-2: Ball
2-2: Ground out 4-3 (Groundball, 4, EV 85.6 MPH)
Bottom of the 8th over - 0 runs, 2 hits, 0 errors, 2 left on base; Tampa Bay 5 - Philadelphia 3
TOP OF THE 9TH
Tampa Bay Rays batting - Pitching for Philadelphia Phillies : RHP Chris Smolinski
Pitching: RHP An-yan Hoong
Now at 2B: Vincente López
Now at 3B: Atas Sekayi
Batting: RHB Ken Potter 0-0: Fly out, F9 (Line Drive, 9, EV 99.4 MPH)
Batting: LHB Manuel Gonzáles 0-0: Ball
1-0: Ball
2-0: Ball
3-0: Called Strike
3-1: Base on Balls
Batting: LHB Oliver Whitley 0-0: Called Strike
0-1: Called Strike
0-2: Ball
1-2: Foul Ball, location: 3F
1-2: Ball
2-2: Strikes out swinging
Batting: RHB Jorge Baca 0-0: Ball
1-0: Ground out 4-3 (Groundball, 4, EV 102.5 MPH)
Top of the 9th over - 0 runs, 0 hits, 0 errors, 1 left on base; Tampa Bay 5 - Philadelphia 3
BOTTOM OF THE 9TH
Philadelphia Phillies batting - Pitching for Tampa Bay Rays : RHP Pete Myers
Pitching: RHP Pavlusha Faingauz
Batting: RHB Atas Sekayi 0-0: Called Strike
0-1: Foul Ball, location: 25F
0-2: Ball
1-2: Ball
2-2: Foul Ball, location: 9LDF
2-2: Foul Ball, location: 2F
2-2: Ball
3-2: Fly out, F8 (Flyball, 78D, EV 86.3 MPH)
Batting: LHB Iván Ruíz 0-0: Called Strike
0-1: Ball
1-1: Swinging Strike
1-2: Strikes out swinging
Batting: LHB Alonso Castillo 0-0: Ball
1-0: Ground out 4-3 (Groundball, 4, EV 88.8 MPH)
Bottom of the 9th over - 0 runs, 0 hits, 0 errors, 0 left on base; Tampa Bay 5 - Philadelphia 3
Wednesday, May 1st , 2024 - OOTP Baseball 24.10 Build 82